 Dungeon Crawl Stone Soup version 0.31.0-32-g396128a36d (webtiles) character file.

Game seed: 16205127724189032177

569 dognuk the Trooper (level 7, 0/62 HPs)
             Began as a Minotaur Berserker on Mar 8, 2024.
             Was a Priest of Trog.
             Slain by an ogre
             ... wielding a +0 giant club
              (16 damage)
             ... on level 5 of the Dungeon on Mar 13, 2024.
             The game lasted 00:14:18 (3268 turns).

dognuk the Trooper (Minotaur Berserker)             Turns: 3268, Time: 00:14:18

Health: 0/62       AC: 11    Str: 23    XL:     7   Next: 11%
Magic:  6/6        EV: 10    Int:  4    God:    Trog [***...]
Gold:   197        SH:  0    Dex: 16    Spells: 6/6 levels left

rFire   x . .        u - +1 hand axe (vamp)
rCold   + . .        (no shield)
rNeg    . . .        g - +0 chain mail
rPois   .            (helmet restricted)
rElec   .            h - scarf {repulsion}
rCorr   .            (no gloves)
SInv    .            b - +1 pair of boots
Will    .....        (no amulet) Stlth
                     k - +6 ring of dexterity
HPRegen 0.30/turn    t - ring of ice
MPRegen 0.10/turn

%: repel missiles
@: no status effects
A: horns 2, retaliatory headbutt
a: Renounce Religion, Berserk, Trog's Hand


You were on level 5 of the Dungeon.
You worshipped Trog.
Trog was most pleased with you.
You visited 1 branch of the dungeon, and saw 6 of its levels.

You collected 197 gold pieces.

Inventory:

Hand Weapons
 l - the +6 mace "Fusm" {elec, Str+4}
   (You found it on level 3 of the Dungeon)

   Str+4:     It affects your strength (+4).
 u - a +1 vampiric hand axe (weapon)
Armour
 b - a +1 pair of boots (worn)
 g - a +0 chain mail (worn)
 h - a scarf of repulsion (worn)
Jewellery
 a - a +6 ring of intelligence
 k - a +6 ring of dexterity (left hand)
 t - a ring of ice (right hand)
Scrolls
 d - 4 scrolls of identify {unknown}
 e - a scroll of fog {unknown}
 i - 2 scrolls of acquirement {unknown}
 j - 2 scrolls of enchant weapon {unknown}
 n - a scroll of blinking {unknown}
 o - a scroll of teleportation {unknown}
 r - a scroll of vulnerability {unknown}
Potions
 c - 2 potions of lignification {unknown}
 f - 2 potions of curing {unknown}
 m - a potion of haste {unknown}
 p - a potion of heal wounds {unknown}
 q - a potion of invisibility {unknown}
 s - a potion of might {unknown}


   Skills:
 + Level 5.9 Fighting
 + Level 5.8(6.4) Axes
 + Level 4.1(5.6) Maces & Flails
 + Level 4.3 Armour
 + Level 3.1 Dodging


You had 6 spell levels left.
You didn't know any spells.
Your spell library was empty.

Dungeon Overview and Level Annotations

Branches:
Dungeon (6/15)
 Temple: D:4-7

Altars:
Kikubaaqudgha
Okawaru
Qazlal

Shops:
D:2 =:   D:4 *


Innate Abilities, Weirdness & Mutations

You have a pair of horns on your head.
You reflexively headbutt those who attack you in melee.


Message History

You hit the ogre.
The ogre is lightly wounded.
The ogre hits you but does no damage.
You hit the ogre but do no damage.
The ogre is lightly wounded.
You hit the ogre. The ogre hits you with a +0 giant club!
The ogre hits you but does no damage.
You hit the ogre. You headbutt the ogre.
The ogre is heavily wounded.
You hit the ogre. The ogre closely misses you.
You barely miss the ogre.
The ogre is heavily wounded.
You hit the ogre but do no damage. The ogre closely misses you.
You hit the ogre.
You feel better.
The ogre is heavily wounded.
You hit the ogre.
You feel better.
The ogre hits you with a +0 giant club!!
The ogre closely misses you.
You hit the ogre but do no damage.
The ogre is heavily wounded.
You hit the ogre but do no damage. You barely miss the ogre.
The ogre is heavily wounded.
You completely miss the ogre.
A hound comes into view.
The ogre closely misses you.
The ogre hits you with a +0 giant spiked club!
The hound barks!
You hit the ogre.
You feel better.
Your headbutt misses the ogre.
The ogre is severely wounded.
You hit the ogre but do no damage. The ogre barely misses you.
You hit the ogre.
You feel better.
You headbutt the ogre.
The ogre is almost dead.
You hit the ogre but do no damage.
The ogre hits you with a +0 giant spiked club!!
* * * LOW HITPOINT WARNING * * *
You hit the ogre.
You feel better.
The ogre is almost dead.
You closely miss the ogre. The ogre hits you with a +0 giant club!
You die...

#..............
#.....................
#....................
#...................
##............h.....
#....####+####.....#
#....##.....##.....#
##...##.....#...OO.#
#..####.....#...@..#
#...........#......#
##..........#......#
#....##.....##.....#
#...)##.....##.....##.
#............#.........
##...##......#.........
##+###......'..........
........#..........


You could see 2 ogres and a hound.

Vanquished Creatures
  A water moccasin (D:4)
  A black bear (D:4)
  A phantom (D:4)
  A scorpion (D:5)
  A bombardier beetle (D:3)
  A sleepcap (D:4)
  Terence (D:3)
  An iguana (D:4)
  6 adders
  2 dart slugs
  9 orcs
  5 ball pythons
  5 endoplasms
  3 goblins
  9 hobgoblins
  9 jackals
  7 kobolds
  2 quokkas
  3 bats
  5 frilled lizards
  2 rats
  2 rat zombies (D:4)
77 creatures vanquished.

Notes
Turn   | Place    | Note
-------+----------+-------------------------------------------
     0 | D:1      | dognuk the Minotaur Berserker began the quest for the Orb.
     0 | D:1      | Reached XP level 1. HP: 19/19 MP: 0/0
   258 | D:1      | Reached XP level 2. HP: 15/27 MP: 1/1
   455 | D:1      | You fall into a shaft and drop 1 floor!
  1043 | D:2      | Found Hytual's Jewellery Shoppe.
  1195 | D:2      | Found Betamaocet's Book Boutique.
  1653 | D:3      | Reached XP level 3. HP: 34/34 MP: 2/2
  1928 | D:3      | Reached ** piety under Trog
  1968 | D:3      | Identified the +6 mace "Fusm" {elec, Str+4}
  1973 | D:4      | Noticed a water moccasin
  1981 | D:4      | Killed a water moccasin
  1982 | D:4      | Reached skill level 5 in Fighting
  1982 | D:4      | Reached skill level 5 in Axes
  1982 | D:4      | Reached XP level 4. HP: 42/42 MP: 3/3
  1982 | D:4      | Reached XP level 5. HP: 48/48 MP: 4/4
  2055 | D:4      | Noticed a phantom
  2065 | D:4      | Killed a phantom
  2141 | D:3      | Found an ancient bone altar of Kikubaaqudgha.
  2141 | D:3      | Found an iron altar of Okawaru.
  2180 | D:3      | Noticed Terence
  2188 | D:3      | Killed Terence
  2192 | D:3      | Reached XP level 6. HP: 56/56 MP: 5/5
  2194 | D:3      | Reached skill level 1 in Maces & Flails
  2214 | D:3      | Found a faded altar of an unknown god.
  2458 | D:4      | Found a sand-covered staircase.
  2727 | D:5      | Entered Level 5 of the Dungeon
  2917 | D:4      | Found Geyqo's Gadget Gallery.
  2934 | D:4      | Found a stormy altar of Qazlal.
  3160 | D:5      | Reached *** piety under Trog
  3161 | D:5      | Reached XP level 7. HP: 50/62 MP: 6/6
  3166 | D:5      | Upgraded the game from 0.31.0-12-g77e489cdc1 to
                  | 0.31.0-32-g396128a36d
  3268 | D:5      | Slain by an ogre

Illustrated notes

Levels and vault maps discovered:
D:1:      evilmike_arrival_crescent, layout_loops_ring
D:2:      layout_loops_ring, serial_shops, shop, nicolae_shop_gaudy_bauble
D:3:      layout_rooms, nicolae_overflow_two_pavilions, serial_glass,
          glass_columns_b, glass_columns_a, hellmonk_ecumenical_altar_run_dry,
          uniq_terence
D:4:      minmay_spotlight, layout_basic, mainiacjoe_overflow_cross_hatched,
          enter_ossuary_4, nicolae_shop_gadgets
D:5:      cheibrodos_barr_body, layout_gridville
D:6:      layout_loops_cross, nemelex_spade_bored_becter,
          minmay_temple_entry_sparse_star, serial_shops, shop_coins,
          ebering_ghost_gozag, uniq_edmund

Skill      XL: |  1  2  3  4  5  6 |
---------------+-------------------+-----
Axes           | 4 5 |  5.8
Fighting       | 4 5 |  5.9
Armour         | 3 4 |  4.3
Dodging        | 3 |  3.1
Maces & Flails | 4 |  4.1

Action                     |  1- 3 |  4- 6 |  7- 9 || total
---------------------------+-------+-------+-------++-------
  Melee: Hand axe          |    44 |     3 |    10 ||    57
         Headbutt          |     8 |     5 |     2 ||    15
         Mace              |       |    76 |       ||    76
         Punch             |       |     1 |       ||     1
 Invoke: Berserk           |     1 |     1 |       ||     2
 Armour: Leather armour    |    13 |       |       ||    13
         Chain mail        |    31 |    88 |     7 ||   126
  Dodge: Dodged            |    33 |    65 |     5 ||   103
         Repelled          |     1 |       |       ||     1
